 Dungeon Crawl Stone Soup version 0.23-a0-677-g07611c5723 (webtiles) character file.

365 Adamkad1 the Shield-Bearer (level 6, -8/37 HPs)
             Began as a Gargoyle Fighter on Jan 10, 2019.
             Killed by divine providence
             ... invoked by an orc priest
              (12 damage)
             ... on level 4 of the Dungeon.
             The game lasted 00:04:00 (2537 turns).

Adamkad1 the Shield-Bearer (Gargoyle Fighter)       Turns: 2537, Time: 00:04:01

Health: -8/37      AC: 13    Str: 21    XL:     6   Next: 68%
Magic:  6/6        EV:  6    Int:  9    God:
Gold:   209        SH: 11    Dex:  9    Spells: 5/5 levels left

rFire    . . .     SeeInvis .   a - +0 war axe
rCold    . . .     Gourm    .   c - +0 shield
rNeg     + . .     Faith    .   o - +0 chain mail
rPois    ∞         Spirit   .   (no helmet)
rElec    +         Reflect  .   (no cloak)
rCorr    .         Harm     .   (no gloves)
MR       .....                  (no boots)
Stlth    ..........             (no amulet)
HPRegen  0.12/turn              (no ring)
MPRegen  0.10/turn              (no ring)

@: no status effects
A: negative energy resistance 1, electricity resistance, unbreathing,
petrification resistance, rot immunity, AC +4
a: no special abilities


You were on level 4 of the Dungeon.
You were not hungry.

You visited 1 branch of the dungeon, and saw 4 of its levels.

You collected 209 gold pieces.

Inventory:

Hand Weapons
 a - a +0 war axe (weapon)
Armour
 c - a +0 shield (worn)
 o - a +0 chain mail (worn)
Wands
 g - a wand of disintegration (8)
Scrolls
 i - 3 scrolls of identify {unknown}
 j - a scroll of teleportation {unknown}
 l - 4 scrolls of remove curse {unknown}
 p - a scroll of enchant armour {unknown}
 r - 2 scrolls of fog {unknown}
 s - a scroll of immolation {unknown}
 t - a scroll of amnesia {unknown}
Potions
 b - a potion of lignification {unknown}
 d - a potion of might
 e - a potion of haste {unknown}
 h - 3 potions of curing {unknown}
 k - a potion of magic {unknown}
 m - 2 potions of agility {unknown}
 n - a potion of resistance {unknown}
 q - a potion of heal wounds {unknown}
 v - a potion of cancellation {unknown}
Comestibles
 f - 6 rations
 u - 11 chunks of flesh


   Skills:
 - Level 3.3 Fighting
 - Level 1.9 Axes
 - Level 3.4 Armour
 * Level 7.9 Shields


You had 5 spell levels left.
You didn't know any spells.
Your spell library was empty.

Dungeon Overview and Level Annotations

Branches:
Dungeon (4/15)
 Temple: D:4-7

Altars:
Kikubaaqudgha


Innate Abilities, Weirdness & Mutations

You are resistant to torment.
Your stone body is resilient. (AC +4)
You are immune to poison.
You resist negative energy. (rN+)
You are resistant to electric shocks. (rElec)
You can survive without breathing.
You are immune to petrification.
You are immune to rotting.


Message History

A frilled lizard comes into view.
You block the orc priest's attack.
You hit the orc priest but do no damage.
The orc priest is severely wounded.
The orc priest hits you but does no damage.
You block the orc priest's attack.
You closely miss the orc priest.
The orc priest is severely wounded.
Your chain mail prevents you from hitting the ogre.
An orc priest comes into view.
The ogre hits you with a +0 giant club!
* * * LOW HITPOINT WARNING * * *
The orc priest hits you but does no damage.
Your shield and chain mail prevent you from hitting the orc priest.
The orc priest is severely wounded.
The orc priest shouts!
You hit the ogre.
The orc priest invokes the aid of Beogh against you.
Beogh smites you!
You die...

....####......## ...
.#..####)÷.....# ...
.#............### #..
###.........## #.##
#......###..#
###...###...o.# #......
.#.............####.#..#
..........##....## ##...
..<..lo@.........# ..
...#..O.)†.##.#......
###......#........
###...##........
#.....#.....#..
............##..
>.............
...............
#.......#


You could see an ogre, 2 orc priests and a frilled lizard.

Vanquished Creatures
  An ogre (D:4)
  A howler monkey (D:4)
  2 worker ants (D:4)
  9 adders
  2 oozes
  3 worms
  A dart slug (D:2)
  2 leopard geckos (D:2)
  6 orcs
  11 giant cockroaches
  6 goblins
  8 hobgoblins
  8 jackals
  3 quokkas
  9 bats
  6 frilled lizards
  9 kobolds
  4 rats
91 creatures vanquished.

Vanquished Creatures (others)
  A human (D:2)
1 creature vanquished.

Grand Total: 92 creatures vanquished

Notes
Turn   | Place    | Note
-------+----------+-------------------------------------------
     0 | D:1      | Adamkad1 the Gargoyle Fighter began the quest for the Orb.
     0 | D:1      | Reached XP level 1. HP: 14/14 MP: 1/1
   358 | D:1      | Reached XP level 2. HP: 19/19 MP: 2/2
   421 | D:1      | Reached skill level 4 in Shields
   496 | D:1      | Reached XP level 3. HP: 23/23 MP: 3/3
  1070 | D:2      | Reached skill level 5 in Shields
  1088 | D:2      | Reached XP level 4. HP: 28/28 MP: 4/4
  1526 | D:2      | Found an ancient bone altar of Kikubaaqudgha.
  1530 | D:2      | Noticed a human
  1531 | D:2      | Killed a human
  1550 | D:2      | Reached XP level 5. HP: 26/32 MP: 5/5
  1735 | D:3      | Reached skill level 6 in Shields
  2370 | D:4      | Noticed an ogre
  2379 | D:4      | Killed an ogre
  2379 | D:4      | Reached skill level 7 in Shields
  2379 | D:4      | Reached XP level 6. HP: 26/37 MP: 6/6
  2537 | D:4      | Killed from afar by an orc priest

Vault maps used:
D:1:      dpeg_arrival_circle_labyrinth_b, minmay_worlds_worst_comb
D:2:      kb_forest_paths, chequers_decorated_corner, tgw_kikubaaqudgha
D:3:      first_ration
D:4:      small_statue_intersection

Skill      XL: |  1  2  3  4  5 |
---------------+----------------+-----
Shields        | 4 5 7 |  7.9
Fighting       | |  3.3
Axes           | |  1.9
Armour         | |  3.4

Action                   |  1- 3 |  4- 6 || total
-------------------------+-------+-------++-------
Melee: War axe           |   114 |   245 ||   359
  Eat: Chunk             |     1 |     5 ||     6
Armor: Scale mail        |    81 |    68 ||   149
       Chain mail        |       |   101 ||   101
Dodge: Dodged            |    38 |    56 ||    94
Block: Shield            |    66 |   166 ||   232

Table legend:
 A = Non-vault XP
 B = Vault XP
 C = Vault XP percentage of total XP
 D = Non-vault monster count
 E = Vault monster count
 F = Vault count percentage of total count
                 A         B        C        D         E       F
            +---------+---------+-------+---------+---------+-------
      Total |     496 |      26 |   5.0 |      79 |      12 |  13.2
            +---------+---------+-------+---------+---------+-------
        D:1 |      36 |      12 |  25.0 |      21 |       6 |  22.2
        D:2 |     105 |      14 |  11.8 |      28 |       6 |  17.6
        D:3 |      66 |       0 |   0.0 |      14 |       0 |   0.0
        D:4 |     289 |       0 |   0.0 |      16 |       0 |   0.0
            +---------+---------+-------+---------+---------+-------
